 Dungeon Crawl Stone Soup version 0.29.0-13-gc9e81de378 (webtiles) character file.

Game seed: 5605161857096634957

302 Sabo the Magician (level 6, -10/33 HPs)
             Began as a Deep Elf Air Elementalist on Sept 9, 2022.
             Was a Follower of the Shining One.
             Mangled by an ogre
             ... wielding a +0 giant spiked club
              (29 damage)
             ... on level 4 of the Dungeon.
             The game lasted 00:29:02 (5488 turns).

Sabo the Magician (Deep Elf Air Elementalist)       Turns: 5488, Time: 00:29:02

Health: -10/33     AC:  6    Str:  5    XL:     6   Next: 14%
Magic:  12/15      EV: 17    Int: 22    God:    the Shining One [*.....]
Gold:   140        SH:  0    Dex: 15    Spells: 14/15 levels left

rFire   . . .      SeeInvis .   o - +0 hand axe (flame)
rCold   . . .      Faith    .   (no shield)
rNeg    . . .      Spirit   .   d - +2 robe
rPois   .          Reflect  .   s - +0 helmet
rElec   .          Harm     .   (no cloak)
rCorr   .          Rampage  .   u - +0 pair of gloves
Will    .....                   (no boots)
Stlth   +.........              w - amulet of regeneration
HPRegen 0.91/turn               z - +4 ring of evasion
MPRegen 0.14/turn               (no ring)

@: glowing
A: no striking features
a: Renounce Religion, Divine Shield


You were on level 4 of the Dungeon.
You worshipped the Shining One.
The Shining One was aware of your devotion.
You visited 1 branch of the dungeon, and saw 4 of its levels.

You collected 140 gold pieces.

Inventory:

Hand Weapons
 c - a +0 sling
 l - a +1 dagger of holy wrath
 o - a +0 hand axe of flaming (weapon)
 B - a +1 dagger of flaming
Armour
 d - a +2 robe (worn)
 s - a +0 helmet (worn)
 u - a +0 pair of gloves (worn)
Magical Staves
 t - a staff of cold
 C - a staff of earth
Jewellery
 w - an amulet of regeneration (around neck)
 z - a +4 ring of evasion (left hand)
Scrolls
 a - a scroll of silence
 e - a scroll of amnesia {unknown}
 f - 3 scrolls of blinking
 h - 2 scrolls of fear
 j - a scroll of brand weapon
 p - a scroll of butterflies {unknown}
 q - a scroll of poison {unknown}
 r - a scroll of torment {unknown}
 x - 2 scrolls of vulnerability {unknown}
 y - a scroll of teleportation {unknown}
 A - a scroll of immolation {unknown}
 D - a scroll of identify
Potions
 b - 3 potions of magic
 g - 2 potions of attraction {unknown}
 i - 2 potions of degeneration {unknown}
 k - 3 potions of curing {unknown}
 m - a potion of ambrosia {unknown}
 n - 3 potions of lignification {unknown}
 v - 2 potions of brilliance {unknown}


   Skills:
 + Level 0.5 Fighting
 + Level 1.9 Short Blades
 + Level 0.1 Axes
 + Level 3.0 Dodging
 + Level 3.1 Stealth
 + Level 5.0 Spellcasting
 + Level 2.9 Conjurations
 + Level 4.4 Air Magic


You had 14 spell levels left.
You knew the following spells:

 Your Spells              Type           Power      Damage    Failure   Level
a - Shock                 Conj/Air       84%        1d8       2%          1

Your spell library contained the following spells:

 Spells                   Type           Power      Damage    Failure   Level
 Static Discharge         Conj/Air       21%        3-6/arc   3%          2
 Swiftness                Air            25%        N/A       4%          3
 Airstrike                Air            12%        2d(2-18)  16%         4


Dungeon Overview and Level Annotations

Branches:
Dungeon (4/15)
 Temple: D:4-7

Altars:
Qazlal
Ru
The Shining One

Shops:
D:3 (:


Message History

The zap hits the goblin!
You kill the goblin!
You start resting.
Magic restored.
Found a stone staircase leading up.
Things that are here:
a +0 club; a goblin corpse
D - a scroll of identify You now have 140 gold pieces (gained 11).
There is a stone staircase leading down here.
An ogre comes into view. It is wielding a +0 giant spiked club.
The ogre shouts!
Casting: Shock (safe; 2% risk of failure)
Confirm with . or Enter, or press ? or * to list all spells.
Aiming: Shock (safe; 2% risk of failure)
Press: ? - help, Shift-Dir - straight line, f - ogre
Aim: an ogre, wielding a +0 giant spiked club (88% to hit)
The zap misses the ogre.
Casting: Shock (safe; 2% risk of failure)
Confirm with . or Enter, or press ? or * to list all spells.
Aiming: Shock (safe; 2% risk of failure)
Press: ? - help, Shift-Dir - straight line, f/p - ogre
Aim: an ogre, wielding a +0 giant spiked club (88% to hit)
The zap hits the ogre.
The ogre is lightly wounded.
Casting: Shock (safe; 2% risk of failure)
Confirm with . or Enter, or press ? or * to list all spells.
Aiming: Shock (safe; 2% risk of failure)
Press: ? - help, Shift-Dir - straight line, f/p - ogre
Aim: an ogre, wielding a +0 giant spiked club (lightly wounded, 88% to hit)
The zap hits the ogre!
The ogre is moderately wounded.
You hit the ogre. You burn the ogre.
The ogre is heavily wounded.
The ogre hits you with a +0 giant spiked club!
You hit the ogre but do no damage.
The ogre is heavily wounded.
The ogre hits you with a +0 giant spiked club!!
Ouch! That really hurt!
You die...

#....<...^#######........#
#......##......##........#
#....<.#######.†.........#
#####>.....# ####..).....#
#.....###### #....†...#
#.....# #........# #.....#
######.###
#.....################
#..###
#.............@O.....#
##...)
#.....################
####).# #...>.# #..)..#
#.....# ......###.#
#.....# .#### #.# ##.##.#
#.. #.##.# #.. #.##.## ##.
#.##..# #.


You could see an ogre.

Vanquished Creatures
  A scorpion (D:4)
  Jessica (D:2)
  2 orc wizards
  Robin (D:2)
  5 adders
  A worm (D:3)
  11 orcs
  6 bats
  2 endoplasms
  5 giant cockroaches
  17 goblins
  13 hobgoblins
  7 jackals
  4 quokkas
  5 ball pythons
  4 frilled lizards
  5 kobolds
  4 rats
94 creatures vanquished.

Notes
Turn   | Place    | Note
-------+----------+-------------------------------------------
     0 | D:1      | Sabo the Deep Elf Air Elementalist began the quest for the
                  | Orb.
     0 | D:1      | Reached XP level 1. HP: 10/10 MP: 6/6
   419 | D:1      | Reached XP level 2. HP: 15/15 MP: 4/8
  1023 | D:1      | Reached XP level 3. HP: 17/19 MP: 7/9
  1446 | D:2      | Noticed Jessica
  1453 | D:2      | Killed Jessica
  1799 | D:2      | Noticed a scorpion
  1938 | D:2      | Reached XP level 4. HP: 17/24 MP: 8/11
  2047 | D:2      | Reached skill level 4 in Spellcasting
  2381 | D:2      | Noticed Robin
  2401 | D:2      | Killed Robin
  2693 | D:2      | Reached skill level 1 in Short Blades
  3478 | D:3      | Found Nawah's Vocational Training.
  3493 | D:3      | Found a faded altar of an unknown god.
  3507 | D:3      | Prayed at the altar of an unknown god.
  3507 | D:3      | Became a worshipper of the Shining One
  3507 | D:3      | Reached * piety under the Shining One
  3539 | D:3      | Found Noguhadi's Weapon Shoppe.
  3542 | D:3      | Reached XP level 5. HP: 15/28 MP: 1/13
  4710 | D:3      | Found a stormy altar of Qazlal.
  5100 | D:4      | Found a sacrificial altar of Ru.
  5113 | D:4      | Reached skill level 5 in Spellcasting
  5113 | D:4      | Reached XP level 6. HP: 33/33 MP: 11/15
  5488 | D:4      | Mangled by an ogre

Illustrated notes

Levels and vault maps discovered:
D:1:      kilobyte_arrival_exit_the_forest, layout_rooms
D:2:      layout_loops_corners, uniq_robin, uniq_jessica
D:3:      layout_basic, lemuel_coloured_pillars_altar, serial_shops,
          shop_fountains, dreamdust_ecumenical_altar_statues, st_stairs_3,
          minmay_misc_feat_more_columns, nicolae_shop_vocational
D:4:      layout_rooms, nicolae_ru_great_annihilating_truth

Skill      XL: |  1  2  3  4  5 |
---------------+----------------+-----
Conjurations   | 2 |  2.9
Spellcasting   | 4 5 |  5.0
Short Blades   | 1 |  1.9
Air Magic      | 4 |  4.4
Stealth        | 3 |  3.1
Dodging        | 3 |  3.0
Fighting       | |  0.5
Axes           | |  0.1

Action                   |  1- 3 |  4- 6 || total
-------------------------+-------+-------++-------
Melee: Dagger            |    37 |    61 ||    98
       Punch             |     1 |       ||     1
       Hand axe          |       |    25 ||    25
 Cast: Shock             |    65 |    88 ||   153
  Use: Scroll            |     2 |     2 ||     4
Armor: Robe              |     7 |    24 ||    31
Dodge: Dodged            |    35 |    48 ||    83
